 Dungeon Crawl Stone Soup version 0.31-a0-1074-g0b22e4e0f1 (webtiles) character file.

Game seed: 13175664153023229438

5 Jeffwins the Ruffian (level 1, -1/15 HPs)
             Began as an Armataur Shapeshifter on Nov 26, 2023.
             Succumbed to an adder's poison
             ... on level 2 of the Dungeon.
             The game lasted 00:00:46 (703 turns).

Jeffwins the Ruffian (Armataur Shapeshifter)         Turns: 703, Time: 00:00:46

Health: -1/15      AC:  4    Str: 19    XL:     1   Next: 66%
Magic:  1/1        EV:  9    Int: 10    God:
Gold:   45         SH:  0    Dex:  9    Spells: 0/0 levels left

rFire   . .          .
                       - Unarmed
rCold   . . .        (no shield)
rNeg    . . .        a - +0 animal skin
rPois   .            (helmet currently unavailable)
rElec   .            (cloak currently unavailable)
rCorr   .            (gloves currently unavailable)
SInv    .            (no barding)
Will    .....        (no amulet)
Stlth   +            (no ring)
HPRegen 0.22/turn    (no ring)
MPRegen 0.07/turn

%: roll
@: lethally poisoned (-1 -> -8), beast-form, attractive
A: beast (slay +1), large, deformed body, tough skin 3, armoured tail, roll 1,
long tongue
a: Begin Untransformation


You were on level 2 of the Dungeon.
You were a hulking beast.
You visited 1 branch of the dungeon, and saw 2 of its levels.

You collected 45 gold pieces.


Innate Abilities, Weirdness & Mutations

You are a hulking beast.
Your limbs bulge with bestial killing power. (Slay +1)
Armour fits poorly on your strangely shaped body.
You have extremely tough skin. (AC +3)
You have a long armoured tail.
You roll when moving toward enemies. (Rampage)
Your long tongue fully drains potion bottles. (2x potion effects)


   Skills:
 - Level 0.8 Fighting
 - Level 1.3 Dodging
 * Level 2.8 Unarmed Combat
 + Level 0.1 Spellcasting
 * Level 2.8 Shapeshifting


You couldn't memorise any spells.
You didn't know any spells.
Your spell library contained the following spells:

 Spells                   Type           Power      Damage    Failure   Level
 Sting                    Tmut/Pois      0%         1d3       36%         1
 Poisonous Vapours        Pois/Air       0%         N/A       50%         2
 Olgreb's Toxic Radiance  Pois           0%         N/A       98%         4

Inventory:

Hand Weapons
 f - a +3 hand axe
Armour
 a - a +0 animal skin (worn)
 j - an orb of mayhem
Talismans
 c - a beast talisman
 d - a flux talisman
Scrolls
 e - a scroll of noise {unknown}
 g - a scroll of fog {unknown}
 h - a scroll of revelation {unknown}
Potions
 b - 2 potions of lignification {!q}

Dungeon Overview and Level Annotations

Branches:
Dungeon (2/15)

Altars:

#..# ...# ...# ######### ...#
#.......# #
...#########...#.#####.#####.#
......†........#.#<..#........
....###........#.#...#.......#
....# ######.#.#.###.......#
....# #.#h#.....####### #...#
# #.#S####### #...#
#..#.#........ #...#
#.....g..##### #...#
#$........... #....
...........#### #....#
...........# #....#
...######### #....# ..


You could see an adder and a hobgoblin.


Message History

You climb downwards.
There is a stone staircase leading up here.
Found a scroll labelled GIEMUUH QIZUAM.
A hobgoblin and an adder come into view.
Found 11 gold pieces.
The hobgoblin shouts!
The adder hisses angrily.
The hobgoblin moves out of view.
An adder is nearby!
The hobgoblin barely misses you.
You completely miss the adder.
Your tail-slap misses the adder.
The hobgoblin hits you. The adder bites you.
You hit the adder but do no damage. The hobgoblin hits you.
The adder bites you.
* * * LOW HITPOINT WARNING * * *
You are poisoned.
The adder poisons you!
* * * LOW HITPOINT WARNING * * *
You feel sick.
* * * LOW HITPOINT WARNING * * *
You feel sick. The adder bites you.
* * * LOW HITPOINT WARNING * * *
You are more poisoned.
The adder poisons you!
* * * LOW HITPOINT WARNING * * *
You feel very sick.
Unknown command.
It was a potion of attraction.
You feel attractive to monsters.
You slurp down every last drop of the potion of attraction!
You die...

Action                     || total
---------------------------++-------
  Melee: Unarmed           ||    14
         Tailslap          ||     1
    Use: Potion            ||     1
 Armour: Animal skin       ||    13
  Dodge: Dodged            ||     3

Levels and vault maps discovered:
D:1:      dpeg_arrival_stone_temple_mockup, layout_basic
D:2:      layout_basic, basic_ecumenical_altar, minmay_pentomino_u2

Notes
Turn   | Place    | Note
-------+----------+-------------------------------------------
     0 | D:1      | Jeffwins the Armataur Shapeshifter began the quest for the
                  | Orb.
     0 | D:1      | Reached XP level 1. HP: 15/15 MP: 1/1
    42 | D:1      | You fall into a shaft and drop 1 floor!
   702 | D:2      | HP: 1/15 [poisoned by an adder]
   703 | D:2      | Succumbed to an adder's poison

Vanquished Creatures
  A giant cockroach (D:1)
  A hobgoblin (D:1)
  A bat (D:1)
  A frilled lizard (D:2)
  A kobold (D:1)
  A rat (D:1)
6 creatures vanquished.

Table legend: (Time is in decaauts)
 A = Elapsed time spent in this place.
 B = Non-inter-level travel time spent in this place.
 C = Inter-level travel time spent in this place.
 D = Time resting spent in this place.
 E = Time spent auto-exploring this place.
 F = Levels seen in this place.
 G = Mean time per level.
                   A        B        C        D        E       F      G
               +--------+--------+--------+--------+--------+-----+--------+
         Total |    701 |    667 |     34 |      0 |    603 |   2 |  350.5 |
       Dungeon |    701 |    667 |     34 |      0 |    603 |   2 |  350.5 |
               +--------+--------+--------+--------+--------+-----+--------+

Top non-repeatable levels by time:
     D:1: 601 daAuts
     D:2: 100 daAuts

Table legend:
 A = Non-vault XP
 B = Vault XP
 C = Vault XP percentage of total XP
 D = Non-vault monster count
 E = Vault monster count
 F = Vault count percentage of total count
                 A         B        C        D         E       F
            +---------+---------+-------+---------+---------+-------
      Total |       8 |       0 |   0.0 |       6 |       0 |   0.0
            +---------+---------+-------+---------+---------+-------
        D:1 |       7 |       0 |   0.0 |       5 |       0 |   0.0
        D:2 |       1 |       0 |   0.0 |       1 |       0 |   0.0
            +---------+---------+-------+---------+---------+-------
